 Dungeon Crawl Stone Soup version 0.30-a0-937-ga0a21ad780 (webtiles) character file.

Game seed: 8064002338978039018

81 Hubris850 the Chopper (level 4, 0/40 HPs)
             Began as a Hill Orc Fighter on Mar 24, 2023.
             Slain by an orc priest
             ... wielding a +0 trident
              (1 damage)
             ... on level 3 of the Dungeon.
             The game lasted 00:02:25 (1396 turns).

Hubris850 the Chopper (Hill Orc Fighter)            Turns: 1396, Time: 00:02:26

Health: 0/40       AC:  7    Str: 20    XL:     4   Next: 40%
Magic:  4/4        EV:  9    Int:  8    God:
Gold:   136        SH:  4    Dex: 10    Spells: 3/3 levels left

rFire   . . .      SeeInvis .    a - +0 war axe
rCold   . . .      Faith    .    c - +0 buckler
rNeg    . . .      Spirit   .    b - +0 scale mail
rPois   +          Reflect  .    (no helmet)
rElec   .          Rampage  .    (no cloak)
rCorr   .                        (no gloves)
Will    .....                    (no boots) Stlth
                                 (no amulet)
HPRegen 0.26/turn                l - ring of poison resistance
MPRegen 0.09/turn                (no ring)

@: no status effects
A: no striking features
a: Convert to Beogh


You were on level 3 of the Dungeon.
You visited 1 branch of the dungeon, and saw 3 of its levels.

You collected 136 gold pieces.

Inventory:

Hand Weapons
 a - a +0 war axe (weapon)
Armour
 b - a +0 scale mail (worn)
 c - a +0 buckler (worn)
 r - an orb of mayhem
Jewellery
 l - a ring of poison resistance (left hand)
Scrolls
 e - a scroll of vulnerability {unknown}
 f - a scroll of fog {unknown}
 g - 3 scrolls of identify {unknown}
 h - a scroll of blinking {unknown}
 i - a scroll of magic mapping {unknown}
 j - a scroll of enchant armour {unknown}
 n - 3 scrolls of fear {unknown}
 q - a scroll of noise {unknown}
Potions
 d - a potion of might
 k - a potion of mutation {unknown}
 m - a potion of ambrosia {unknown}
 o - 2 potions of attraction {unknown}
 p - a potion of resistance {unknown}


   Skills:
 - Level 4.0 Fighting
 + Level 4.3 Axes
 - Level 4.0 Armour
 - Level 4.0 Shields


You had 3 spell levels left.
You didn't know any spells.
Your spell library was empty.

Dungeon Overview and Level Annotations

Branches:
Dungeon (3/15)

Altars:
Trog


Message History

You closely miss the orc wizard.
The orc wizard is lightly wounded.
You barely miss the orc. You hit the orc.
You kill the orc!
The orc wizard gestures wildly while chanting.
The orc wizard flickers and vanishes!
Deactivating autopickup; reactivate with Ctrl-A.
The orc hits you but does no damage.
The orc priest hits you from afar with a +0 trident.
You hit something. You closely miss the orc.
Something hits you but does no damage. The orc priest barely misses you.
The orc closely misses you.
You miss something. You slash the orc!
You kill the orc!
Something hits you.
The orc priest mumbles some strange prayers to Beogh against you.
Pain shoots through your body!
* * * LOW HITPOINT WARNING * * *
You block the orc priest's attack. Something hits you but does no damage.
The orc priest casts a cantrip, but nothing happens.
Something hits you.
* * * LOW HITPOINT WARNING * * *
Things that are here:
a +0 short sword; a +0 scale mail; an orc corpse You barely miss the orc priest.
The orc priest shouts, "Join the one true god or die!"
You completely miss something.
The orc priest shouts, "Surrender to Beogh and we'll let you live!"
Something hits you but does no damage.
The orc priest hits you but does no damage.
Unknown command.
You hit the orc priest.
The orc priest is lightly wounded.
You barely miss something. Something hits you.
* * * LOW HITPOINT WARNING * * *
The orc priest shouts, "Surrender to Beogh and we'll let you live!"
The orc priest hits you with a +0 trident.
* * * LOW HITPOINT WARNING * * *
The orc priest hits you with a +0 trident.
You die...

....##.....#####..........
....##...###......########
.....+.†).+ +........#
.... #....# #.......##
#....# #.......# #....#
#.......# ####....#
#........
#.......########....
#.....){@o..........
#...#$..........
###.####........ ..
#........ >## #........ ..
+........ #........
#........


You could see an orc priest.

Vanquished Creatures
  3 adders
  A worm (D:2)
  A dart slug (D:2)
  5 orcs
  3 endoplasms
  A goblin (D:1)
  4 hobgoblins
  2 quokkas
  4 ball pythons
  2 bats
  3 frilled lizards
  9 kobolds
  8 rats
46 creatures vanquished.

Notes
Turn   | Place    | Note
-------+----------+-------------------------------------------
     0 | D:1      | Hubris850 the Hill Orc Fighter began the quest for the Orb.
     0 | D:1      | Reached XP level 1. HP: 19/19 MP: 1/1
   132 | D:1      | Reached XP level 2. HP: 27/27 MP: 2/2
   807 | D:2      | Reached XP level 3. HP: 32/33 MP: 3/3
  1113 | D:2      | Reached XP level 4. HP: 38/40 MP: 4/4
  1121 | D:2      | Found a bloodstained altar of Trog.
  1396 | D:3      | HP: 1/40 [orc priest/+0 trident (2)]
  1396 | D:3      | Slain by an orc priest

Illustrated notes

Levels and vault maps discovered:
D:1:      amcnicky_arrival_single_pillar, layout_loops_cross
D:2:      layout_rooms, basic_altar
D:3:      layout_basic

Skill      XL: |  1  2  3  4 |
---------------+-------------+-----
Axes           | 3 4 |  4.3
Fighting       | 4 |  4.0
Armour         | 4 |  4.0
Shields        | 4 |  4.0

Action                     |  1- 3 |  4- 6 || total
---------------------------+-------+-------++-------
  Melee: War axe           |    98 |    29 ||   127
 Armour: Scale mail        |    44 |    16 ||    60
  Dodge: Dodged            |    54 |    18 ||    72
  Block: Buckler           |    13 |     9 ||    22

Table legend: (Time is in decaauts)
 A = Elapsed time spent in this place.
 B = Non-inter-level travel time spent in this place.
 C = Inter-level travel time spent in this place.
 D = Time resting spent in this place.
 E = Time spent auto-exploring this place.
 F = Levels seen in this place.
 G = Mean time per level.
                   A        B        C        D        E       F      G
               +--------+--------+--------+--------+--------+-----+--------+
         Total |   1441 |   1386 |     55 |      0 |   1079 |   3 |  480.3 |
       Dungeon |   1441 |   1386 |     55 |      0 |   1079 |   3 |  480.3 |
               +--------+--------+--------+--------+--------+-----+--------+

Top non-repeatable levels by time:
     D:1: 720 daAuts
     D:2: 492 daAuts
     D:3: 228 daAuts
